 Dungeon Crawl Stone Soup version 0.21.1-1-g345015f (webtiles) character file.

44 aMcNicky the Chopper (level 3, 33/33 HPs)
             Began as a Minotaur Berserker on Mar 20, 2018.
             Was a Believer of Trog.
             Got out of the dungeon alive.
             The game lasted 00:16:48 (1670 turns).

aMcNicky the Chopper (Minotaur Berserker)           Turns: 1670, Time: 00:16:49

Health: 33/33      AC:  5    Str: 22    XL:     3   Next: 41%
Magic:  2/2        EV: 11    Int:  4    God:    Trog [**....]
Gold:   76         SH:  0    Dex:  9    Spells: 2/2 levels left

rFire    . . .     SeeInvis .   a - +0 hand axe
rCold    . . .     Gourm    .   (no shield)
rNeg     + . .     Faith    .   n - +0 ring mail
rPois    .         Spirit   .   (helmet restricted)
rElec    .         Reflect  .   (no cloak)
rCorr    .         Harm     .   (no gloves)
MR       .....                  (no boots)
Stlth    ..........             (no amulet)
HPRegen  0.11/turn              f - ring of positive energy
MPRegen  0.08/turn              (no ring)

@: no status effects
A: retaliatory headbutt, horns 2
a: Berserk, Trog's Hand, Burn Spellbooks, Renounce Religion


You escaped.
You worshipped Trog.
Trog was pleased with you.
You were not hungry.

You visited 1 branch of the dungeon, and saw 3 of its levels.

You collected 76 gold pieces.

Inventory:

Hand Weapons
 a - a +0 hand axe (weapon)
Missiles
 e - 131 stones (quivered)
Armour
 b - a +0 animal skin
 n - a +0 ring mail (worn)
Jewellery
 f - a ring of positive energy (left hand)
Scrolls
 g - a scroll of identify {@r1}
 h - a scroll of amnesia {unknown}
 j - 2 scrolls of fog {unknown}
 m - a scroll of immolation {unknown}
Potions
 i - a potion of haste {unknown}
 k - a potion of invisibility {unknown}
 l - 2 potions of curing {unknown}
Comestibles
 c - 7 rations


   Skills:
 + Level 4.1 Fighting
 * Level 4.4 Axes
 + Level 3.0 Armour
 + Level 2.7 Dodging


You had 2 spell levels left.
You didn't know any spells.

Dungeon Overview and Level Annotations

Branches:
Dungeon (3/15)

Altars:
Kikubaaqudgha
Okawaru
Vehumet


Innate Abilities, Weirdness & Mutations

You reflexively headbutt those who attack you in melee.
You have a pair of horns on your head.


Message History

You climb downwards.
A rat comes into view.
Found a scroll labeled YTIODY EXYIM and 9 gold pieces.
There is a stone staircase leading up here.
You hit the rat.
You kill the rat!
Trog accepts your kill.
Unknown command.
Found 22 stones.
You see here a rat corpse.
There is a stone staircase leading up here.
You climb upwards.
There is a stone staircase leading down here.
All of the chunks of flesh in your inventory have rotted away.
There is a stone staircase leading up here.
You climb upwards.
There is a stone staircase leading down here.
There is a staircase leading out of the dungeon here.
Are you sure you want to leave the Dungeon?
This will make you lose the game!
You have escaped!

### #.# #.# ####.#####.# #.#
##..........# #.#
##..#....########.###
######..#.#...............
#......#...#......##......
#.#####.....#####..#.#....
#..#...........#.....)####
##..#....@....#...##..####
#########..#.........#...#.......
..........#...........#..#.......
####.#.#.#####.....#####.....####
# #.#.#......#...#.........#####
# #.#.##..##..#.#....####.......
####.#.##..#....#....## #.######
#..........#.#.......## #.###...
#..........#........#.## #......#


There were no monsters in sight!

Vanquished Creatures
  A dart slug (D:2)
  A leopard gecko (D:2)
  2 giant cockroaches (D:1)
  3 goblins
  3 hobgoblins (D:2)
  8 jackals
  6 kobolds
  A ball python (D:2)
  4 bats
  4 frilled lizards
  6 rats
39 creatures vanquished.

Notes
Turn   | Place    | Note
-------+----------+-------------------------------------------
     0 | D:1      | aMcNicky the Minotaur Berserker began the quest for the Orb.
     0 | D:1      | Reached XP level 1. HP: 19/19 MP: 0/0
   359 | D:1      | Reached XP level 2. HP: 22/27 MP: 1/1
   978 | D:2      | Reached ** piety under Trog
  1077 | D:2      | Reached XP level 3. HP: 33/33 MP: 2/2
  1092 | D:2      | Found a radiant altar of Vehumet.
  1223 | D:2      | Found an ancient bone altar of Kikubaaqudgha.
  1559 | D:2      | Found an iron altar of Okawaru.
  1670 | D:$      | Got out of the dungeon alive.

Skill      XL: |  1  2  3 |
---------------+----------+-----
Axes           | 4 |  4.4
Fighting       | 4 |  4.1
Armour         | 3 |  3.0
Dodging        | |  2.7

Action                   || total
-------------------------++-------
Melee: Hand axe          ||    71
       Headbutt          ||     8
Throw: Stone             ||     1
  Use: Scroll            ||     1
  Eat: Chunk             ||     2
Armor: Animal skin       ||    10
       Ring mail         ||     1
Dodge: Dodged            ||    43
